 Dungeon Crawl Stone Soup version 0.28.0-43-g3370ac3207 (webtiles) character file.

Game seed: 11222631990010938547

934 Araneus the Basher (level 7, -6/52 HPs)
             Began as a Demonspawn Fighter on Mar 10, 2022.
             Mangled by an orc warrior
             ... wielding a +0 mace
              (12 damage)
             ... on level 4 of the Dungeon.
             The game lasted 00:11:30 (3817 turns).

Araneus the Basher (Demonspawn Fighter)             Turns: 3817, Time: 00:11:31

Health: -6/52      AC: 12    Str: 19    XL:     7   Next: 86%
Magic:  7/7        EV:  6    Int:  9    God:
Gold:   221        SH:  4    Dex: 12    Spells: 6/6 levels left

rFire   . . .      SeeInvis .   a - +0 flail
rCold   + . .      Faith    .   c - +0 buckler
rNeg    . . .      Spirit   .   q - +0 chain mail {rC+}
rPois   .          Reflect  .   (helmet restricted)
rElec   .          Harm     .   p - +2 cloak {Stlth+}
rCorr   .          Rampage  .   (no gloves)
Will    .....                   (no boots)
Stlth   ..........              (no amulet)
HPRegen 0.17/turn               (no ring)
MPRegen 0.10/turn               (no ring)

@: no status effects
A: horns 2, weakness stinger 2, demonic touch 2
a: no special abilities


You were on level 4 of the Dungeon.
You visited 1 branch of the dungeon, and saw 4 of its levels.
You also visited: Sewer.

You collected 221 gold pieces.

Inventory:

Hand Weapons
 a - a +0 flail (weapon)
Armour
 c - a +0 buckler (worn)
 p - a +2 cloak of stealth (worn)
 q - a +0 chain mail of cold resistance (worn)
Scrolls
 e - a scroll of identify
 f - a scroll of fog {unknown}
 h - 3 scrolls of teleportation {unknown}
 i - 3 scrolls of enchant weapon {unknown}
 j - a scroll of torment {unknown}
 l - 3 scrolls of summoning {unknown}
 m - 2 scrolls of enchant armour {unknown}
 o - a scroll of blinking {unknown}
 r - a scroll of immolation {unknown}
Potions
 b - a potion of mutation {unknown}
 d - a potion of cancellation {unknown}
 g - 2 potions of heal wounds
 k - a potion of magic
 n - a potion of attraction {unknown}
 s - a potion of degeneration {unknown}


   Skills:
 - Level 3.0 Fighting
 + Level 8.5 Maces & Flails
 - Level 2.6 Armour
 - Level 2.6 Shields


You had 6 spell levels left.
You didn't know any spells.
Your spell library contained the following spells:

 Spells                   Type           Power      Damage    Failure   Level
 Gell's Gravitas          Tloc           0%         N/A       100%        3
 Teleport Other           Tloc           0%         N/A       100%        3
 Dispersal                Tloc           0%         N/A       100%        6


Dungeon Overview and Level Annotations

Branches:
Dungeon (4/15)              Sewer (visited)
 Temple: D:4-7

Altars:
Kikubaaqudgha
Ru
Beogh

Shops:
D:3 (


Innate Abilities, Weirdness & Mutations

You have a pair of horns on your head.
You have a tail ending in a sharp stinger.
Your touch may inflict irresistible damage on your foes.


Message History

a +0 club; a +0 chain mail; an orc corpse An orc comes into view.
It is wielding a +0 war axe.
The orc shouts!
You hear an angry hiss.
You hit the orc warrior. You headbutt the orc warrior.
You tail-slap the orc warrior.
The orc warrior is moderately wounded.
You block the orc warrior's attack.
You hit the orc warrior. Your headbutt misses the orc warrior.
The orc warrior is heavily wounded.
The orc warrior hits you with a +0 mace!
The orc hits you but does no damage.
You barely miss the orc warrior.
The orc warrior is heavily wounded.
The orc warrior hits you with a +0 mace.
The orc hits you with a +0 whip.
You hit the orc warrior. You tail-slap the orc warrior.
The orc warrior is heavily wounded.
The orc warrior hits you with a +0 mace.
You are too injured to fight recklessly!
You are too injured to fight recklessly!
An iguana comes into view.
The orc hits you but does no damage.
Things that are here:
a +0 club; a +0 chain mail; an orc corpse The orc warrior hits you with a +0 mace!
* * * LOW HITPOINT WARNING * * *
You block the orc's attack.
You see here 9 gold pieces.
You completely miss the orc warrior.
The orc warrior is heavily wounded.
The orc warrior hits you with a +0 mace.
* * * LOW HITPOINT WARNING * * *
You hit the orc warrior.
You headbutt the orc warrior, but do no damage.
The orc warrior is severely wounded.
The orc warrior hits you but does no damage.
You hit the orc warrior.
The orc warrior is severely wounded.
The orc warrior hits you with a +0 mace!
You die...

..=.#.....############...........
.......#...........###...........
......)...####***#..............#
........#.## ####...........#
...........## ##...............
.....$...$..# #..###.........##
............## #.###..#.........
.......[.....####.....########...
...........#.loo@.....# #...
#............o####....# #...
#..........#######..<.# ###...
...........†..........######.....
##........########(......##..#...
#..........# #....##..#.##...
#..........# #....###...##...
#....(<....# ###### ##..##..#
#.......>..# ######..##.##


You could see an orc warrior, an iguana and 2 orcs.

Vanquished Creatures
  Sigmund (D:2)
  Menkaure (D:4)
  Pargi (Sewer)
  2 black bears (D:4)
  An ogre (D:4)
  Crazy Yiuf (D:2)
  An iguana (D:4)
  Natasha (thrice) (D:4)
  5 adders
  3 gnolls (D:4)
  3 river rats (D:4)
  An adder skeleton (D:4)
  2 worms (D:2)
  An orc (D:4)
  11 ball pythons
  A bat (D:3)
  3 giant cockroaches
  4 goblins
  7 hobgoblins
  8 jackals (D:1)
  3 quokkas
  5 frilled lizards
  4 kobolds
  7 rats
  3 toadstools (D:2)
82 creatures vanquished.

Vanquished Creatures (others)
  3 fungi (D:2)
  3 toadstools (D:2)
6 creatures vanquished.

Grand Total: 88 creatures vanquished

Notes
Turn   | Place    | Note
-------+----------+-------------------------------------------
     0 | D:1      | Araneus the Demonspawn Fighter began the quest for the Orb.
     0 | D:1      | Reached XP level 1. HP: 18/18 MP: 1/1
   186 | D:1      | Reached skill level 2 in Maces & Flails
   290 | D:1      | Discovered your monstrous ancestry.
   290 | D:1      | Gained mutation: You have a pair of small horns on your
                  | head. [demonic ancestry]
   290 | D:1      | Reached XP level 2. HP: 19/24 MP: 2/2
   762 | D:1      | Reached skill level 3 in Maces & Flails
   841 | D:1      | Found a faded altar of an unknown god.
  1208 | D:2      | Gained mutation: You have a small tail. [demonic ancestry]
  1208 | D:2      | Reached XP level 3. HP: 29/29 MP: 3/3
  1543 | D:2      | Found a runed translucent door.
  1544 | D:2      | Noticed Crazy Yiuf
  1549 | D:2      | Killed Crazy Yiuf
  1667 | D:2      | Noticed Sigmund
  1673 | D:2      | Killed Sigmund
  1674 | D:2      | Reached skill level 5 in Maces & Flails
  1674 | D:2      | Gained mutation: Your touch may inflict minor irresistible
                  | damage on your foes. [demonic ancestry]
  1674 | D:2      | Reached XP level 4. HP: 31/35 MP: 4/4
  1674 | D:2      | Gained mutation: Your touch may inflict irresistible damage
                  | on your foes. [demonic ancestry]
  1674 | D:2      | Reached XP level 5. HP: 37/41 MP: 5/5
  1978 | D:3      | Found Zaepn's Antique Weapon Emporium.
  2074 | D:3      | Found a sacrificial altar of Ru.
  2217 | D:3      | Found an ancient bone altar of Kikubaaqudgha.
  2559 | D:4      | Noticed a black bear
  2559 | D:4      | Noticed a black bear
  2598 | D:4      | Noticed an ogre
  2609 | D:4      | Noticed Menkaure
  2627 | D:4      | Killed Menkaure
  2628 | D:4      | Reached skill level 6 in Maces & Flails
  2628 | D:4      | Gained mutation: You have a tail ending in a sharp stinger.
                  | [demonic ancestry]
  2628 | D:4      | Reached XP level 6. HP: 12/47 MP: 6/6
  2630 | D:4      | Noticed Natasha
  2732 | D:4      | Killed Natasha
  2733 | D:4      | Reached skill level 7 in Maces & Flails
  2733 | D:4      | Gained mutation: You have a pair of horns on your head.
                  | [demonic ancestry]
  2733 | D:4      | Reached XP level 7. HP: 15/52 MP: 7/7
  2807 | D:4      | Found a glowing drain.
  2815 | Sewer    | Entered a sewer
  3257 | Sewer    | Noticed Pargi
  3267 | Sewer    | Killed Pargi
  3457 | D:4      | Noticed Natasha
  3463 | D:4      | Killed Natasha
  3584 | D:4      | Noticed Natasha
  3591 | D:4      | Killed Natasha
  3651 | D:4      | Reached skill level 8 in Maces & Flails
  3817 | D:4      | Mangled by an orc warrior

Illustrated notes

Levels and vault maps discovered:
D:1:      kennysheep_arrival_seaside, layout_loops_ring,
          hellmonk_ecumenical_altar_defaced_shrine
D:2:      layout_basic, minmay_gold_behind_fungi, uniq_crazy_yiuf_cottage,
          uniq_sigmund
D:3:      layout_rooms, nicolae_ru_awakened_eye, kiku_gazebo_pond_becter,
          serial_shops, nicolae_diamond_shop, ebering_dispersal_statue_hall,
          hangedman_abyss_or_decor_lesser_grid
D:4:      layout_rooms, portal_sewer_entry_e, uniq_menkaure, uniq_natasha,
          uniq_robin

Skill      XL: |  1  2  3  4  5  6  7 |
---------------+----------------------+-----
Maces & Flails | 2 3 5 6 7 8 |  8.5
Fighting       | |  3.0
Armour         | |  2.6
Shields        | |  2.6

Action                   |  1- 3 |  4- 6 |  7- 9 || total
-------------------------+-------+-------+-------++-------
Melee: Flail             |    97 |    49 |   109 ||   255
       Headbutt          |    15 |     9 |    22 ||    46
       Tailslap          |     6 |     6 |    10 ||    22
  Use: Potion            |     1 |     2 |       ||     3
       Scroll            |       |     4 |       ||     4
Armor: Scale mail        |    26 |       |       ||    26
       Chain mail        |     8 |    34 |    62 ||   104
Dodge: Dodged            |    31 |    16 |    27 ||    74
Block: Buckler           |    14 |     6 |    23 ||    43
